 Dungeon Crawl Stone Soup version 0.22-a0-322-g60b3cfd (webtiles) character file.

261 4thArraOfDagon the Insei (level 6, -3/39 HPs)
             Began as a Halfling Wanderer on Apr 4, 2018.
             Was an Initiate of Cheibriados.
             Slain by an ogre
             ... wielding a +0 giant spiked club
              (25 damage)
             ... on level 3 of the Dungeon.
             The game lasted 00:09:27 (2549 turns).

4thArraOfDagon the Insei (Halfling Wanderer)        Turns: 2549, Time: 00:09:28

Health: -3/39      AC:  7    Str: 14    XL:     6   Next: 42%
Magic:  10/10      EV: 11    Int: 12    God:    Cheibriados [......]
Gold:   217        SH:  5    Dex: 16    Spells: 10/10 levels left

rFire    . . .     SeeInvis .     - Unarmed
rCold    . . .     Gourm    .   c - +0 buckler
rNeg     . . .     Faith    .   e - +0 ring mail (curse)
rPois    .         Spirit   .   (no helmet)
rElec    .         Reflect  .   (no cloak)
rCorr    .         Harm     .   h - +1 pair of gloves
MR       .....                  (no boots)
Stlth    +.........             (no amulet)
HPRegen  0.13/turn              (no ring)
MPRegen  0.12/turn              (no ring)

@: very slow
A: small, mutation resistance 1
a: Bend Time, Renounce Religion


You were on level 3 of the Dungeon.
You worshipped Cheibriados.
Cheibriados was noncommittal.
You were not hungry.

You visited 2 branches of the dungeon, and saw 5 of its levels.

You collected 217 gold pieces.

Inventory:

Hand Weapons
 d - a +0 dagger
 m - a +0 short sword
Armour
 a - a +2 scale mail
 c - a +0 buckler (worn)
 e - a cursed +0 ring mail (worn)
 h - a +1 pair of gloves (worn)
Scrolls
 g - a scroll of magic mapping {unknown}
 i - a scroll of fog {unknown}
 j - 2 scrolls of teleportation
 k - 4 scrolls of remove curse
 n - a scroll of blinking {unknown}
 o - a scroll of amnesia
 p - 2 scrolls of immolation
Potions
 b - a potion of curing
 l - a potion of haste
 q - a potion of might
 r - a potion of cancellation
Comestibles
 f - 9 rations


   Skills:
 - Level 2.0 Fighting
 - Level 2.8 Short Blades
   Level 2.1 Crossbows
 - Level 1.1 Armour
 - Level 2.1 Shields
 * Level 3.4 Unarmed Combat
 + Level 2.7 Spellcasting
   Level 1.0 Ice Magic


You had 10 spell levels left.
You didn't know any spells.

Dungeon Overview and Level Annotations

Branches:
Dungeon (4/15)             Temple (1/1) D:4

Altars:
Cheibriados
Dithmenos
Elyvilon
Fedhas
Makhleb
Qazlal
Ru
Sif Muna
Vehumet
Yredelemnul
Zin
The Shining One


Innate Abilities, Weirdness & Mutations

You are small and have problems with some larger weapons.
You are somewhat resistant to further mutation.


Message History

You hit the gnoll.
You kill the gnoll!
Cheibriados appreciates the change of pace.
A gnoll shaman comes into view. It is wielding a club.
The gnoll shaman shouts!
There is an open door, spattered with blood here.
You see here a vampiric spear.
Unknown command.
Unknown command.
The gnoll shaman invokes the aid of its god against you.
You resist with some effort.
Unknown command.
There is an open door here.
Unknown command.
There is a stone staircase leading up here.
Okay, then.
You climb upwards.
The ogre hits you with a giant spiked club!!
Ouch! That really hurt!
You die...

.#.####.#....#.#.#
#.........(.#
.................#
#...........# ..
........####..#
#...(.......# ..
..............#
#...........# .#
#######.#.....#
#...........# .#
#..........# #...........#
.# #.##.#.##..#
#...........# .###
#.#..[...#.########...#####
O..####.#.......@...# #...#
...............O....# #...#
...#######..........#
#...##### ...#
#...........# #........
..<# #...........#
#...####. ..(#
#...####'#### #...# #. ...#
#...# #.# #...# #. ...#
#...# #.########...####.
...# #...#
#.................


You could see an ogre.

Vanquished Creatures
  A bullfrog zombie (D:4)
  A hound (Temple)
  A centaur skeleton (D:4)
  A hound zombie (D:4)
  A worker ant zombie (D:4)
  A gnoll (D:4)
  7 adders
  An ooze (D:3)
  A worm (D:2)
  A dart slug (D:3)
  3 leopard geckos
  An orc (D:3)
  A ball python (D:3)
  3 giant cockroaches
  4 goblins
  5 hobgoblins
  7 jackals
  4 kobolds
  6 bats
  12 frilled lizards
  A leopard gecko zombie (D:4)
  9 rats
72 creatures vanquished.

Notes
Turn   | Place    | Note
-------+----------+-------------------------------------------
     0 | D:1      | 4thArraOfDagon the Halfling Wanderer began the quest for the Orb.
     0 | D:1      | 4thArraOfDagon set off with: a +2 scale mail, a potion of curing, a +0 buckler, a +0 dagger, a ration
     0 | D:1      | Reached XP level 1. HP: 14/14 MP: 3/3
    83 | D:1      | Reached skill level 1 in Short Blades
    88 | D:1      | Reached XP level 2. HP: 18/19 MP: 4/4
   403 | D:1      | Reached XP level 3. HP: 21/24 MP: 5/5
   689 | D:2      | Reached skill level 1 in Unarmed Combat
   689 | D:2      | Reached XP level 4. HP: 18/29 MP: 6/6
  1304 | D:3      | Reached skill level 2 in Unarmed Combat
  1304 | D:3      | Reached XP level 5. HP: 34/34 MP: 8/8
  1328 | D:3      | Found a shadowy altar of Dithmenos.
  1367 | D:3      | Found a stormy altar of Qazlal.
  1420 | D:3      | Noticed an ogre
  1467 | D:4      | Noticed an ogre
  1691 | D:4      | Found a staircase to the Ecumenical Temple.
  1700 | Temple   | Entered the Ecumenical Temple
  1745 | Temple   | Became a worshipper of Cheibriados the Contemplative
  2322 | D:4      | Reached skill level 3 in Unarmed Combat
  2322 | D:4      | Reached XP level 6. HP: 19/39 MP: 9/9
  2330 | D:3      | Sergey: !watch
  2330 | D:3      | beem: http://underhound.eu:8080/#watch-Sergey
  2334 | D:4      | Sergey: need some help
  2334 | D:4      | 4thArraOfDagon: ok
  2549 | D:3      | Slain by an ogre

Vault maps used:
D:1:      dpeg_arrival_arbitrary_a, minmay_misc_feat_ornament,
          minmay_lizard_pond
D:3:      lemuel_crystal_altar, nicolae_qazlal_general_emergency
D:4:      minmay_temple_entry_glass, serial_undead, serial_undead_a,
          serial_undead_a, serial_undead_f, serial_undead_e, minivault_5,
          grunt_decor_mini_mirrors, hex_tiny
Temple:   regret_index_temple_waves

Skill      XL: |  1  2  3  4  5 |
---------------+----------------+-----
Fighting       | 2 |  2.0
Short Blades   | 1 2 |  2.8
Unarmed Combat | 1 2 3 |  3.4
Spellcasting   | 2 |  2.7
Crossbows      | |  2.1
Armour         | |  1.1
Shields        | |  2.1
Ice Magic      | |  1.0

Action                   |  1- 3 |  4- 6 || total
-------------------------+-------+-------++-------
Melee: Dagger            |    48 |       ||    48
       Short sword       |    87 |   217 ||   304
       Unarmed           |       |   100 ||   100
  Use: Potion            |     3 |     1 ||     4
       Scroll            |     2 |     6 ||     8
  Eat: Chunk             |       |     5 ||     5
       Ration            |       |     1 ||     1
Armor: Scale mail        |    68 |    90 ||   158
       Ring mail         |       |    37 ||    37
Dodge: Dodged            |    61 |   137 ||   198
Block: Buckler           |    26 |    85 ||   111

Table legend:
 A = Spawn XP
 B = Non-spawn XP
 C = Spawn XP percentage of total XP
 D = Spawn monster count
 E = Non-spawn monster count
 F = Spawn count percentage of total count
 G = Total turns spent on level
                    A         B        C        D         E        F      G
               +---------+---------+-------+---------+---------+-------+---------
         Total |       0 |     374 |   0.0 |       0 |      72 |   0.0 |  2549
               +---------+---------+-------+---------+---------+-------+---------
           D:1 |       0 |      38 |   0.0 |       0 |      27 |   0.0 |   569
           D:2 |       0 |     118 |   0.0 |       0 |      27 |   0.0 |   920
           D:3 |       0 |      38 |   0.0 |       0 |      10 |   0.0 |   506
           D:4 |       0 |     137 |   0.0 |       0 |       7 |   0.0 |   482
        Temple |       0 |      43 |   0.0 |       0 |       1 |   0.0 |    72
               +---------+---------+-------+---------+---------+-------+---------
